 Dungeon Crawl Stone Soup version 0.23-a0-644-gb60d84b (webtiles) character file.

1658 Borgoz the Chopper (level 9, -5/75 HPs)
             Began as a Ghoul Gladiator on Jan 1, 2019.
             Was a Follower of Makhleb.
             Slain by a hornet (8 damage)
             ... on level 7 of the Dungeon.
             The game lasted 00:13:08 (5502 turns).

Borgoz the Chopper (Ghoul Gladiator)                Turns: 5502, Time: 00:13:08

Health: -5/75      AC: 12    Str: 23    XL:     9   Next: 0%
Magic:  9/9        EV: 12    Int:  3    God:    Makhleb [*.....]
Gold:   412        SH:  0    Dex: 13    Spells: 8/8 levels left

rFire    . . .     SeeInvis .   a - +0 war axe
rCold    + + .     Gourm    .   (no shield)
rNeg     + + +     Faith    .   j - +1 scale mail {rC+}
rPois    ∞         Spirit   .   c - +0 helmet
rElec    .         Reflect  .   (no cloak)
rCorr    .         Harm     .   (no gloves)
MR       .....                  (no boots)
Stlth    ..........             t - amulet of rage
HPRegen  0.00/turn              (no ring)
MPRegen  0.11/turn              k - +3 ring of protection

@: mighty, rotting, hasted, very quick
A: rotting body, claws 1, carnivore, cold resistance 1, negative energy
resistance 3, inhibited regeneration, torment resistance, unbreathing
a: Renounce Religion


You were on level 7 of the Dungeon.
You worshipped Makhleb.
Makhleb was aware of your devotion.
You were not hungry.

You visited 2 branches of the dungeon, and saw 8 of its levels.

You collected 412 gold pieces.

Inventory:

Hand Weapons
 a - a +0 war axe (weapon)
 b - a +2 morningstar of draining
Missiles
 d - 3 throwing nets (quivered)
 e - 5 tomahawks
Armour
 c - a +0 helmet (worn)
 j - a +1 scale mail of cold resistance (worn)
Jewellery
 k - a +3 ring of protection (right claw)
 t - an amulet of rage (around neck)
Wands
 s - a wand of scattershot (4)
 v - a wand of random effects (18)
 y - a wand of clouds (8)
Scrolls
 h - a scroll of fear {unknown}
 l - a scroll of magic mapping {unknown}
 m - a scroll of blinking {unknown}
 o - a scroll of enchant weapon {unknown}
 p - 2 scrolls of teleportation {unknown}
 w - 7 scrolls of identify {unknown}
Potions
 i - a potion of might
 n - a potion of haste
 u - 2 potions of curing
Comestibles
 f - 8 rations
 g - 2 chunks of flesh


   Skills:
 + Level 5.6 Fighting
 * Level 6.7 Axes
 - Level 1.7 Throwing
 + Level 4.2 Armour
 + Level 5.1 Dodging
 + Level 2.6 Invocations


You had 8 spell levels left.
You didn't know any spells.
Your spell library was empty.

Dungeon Overview and Level Annotations

Branches:
Dungeon (7/15)             Temple (1/1) D:5

Altars:
Ashenzari
Cheibriados
Dithmenos
Elyvilon
Fedhas
Gozag
Hepliaklqana
Kikubaaqudgha
Makhleb
Nemelex Xobeh
Okawaru
Qazlal
Ru
Sif Muna
Trog
Uskayaw
Vehumet
Wu Jian
Xom
Yredelemnul
Zin
The Shining One


Innate Abilities, Weirdness & Mutations

Your body is rotting away.
You thrive on raw meat.
You are immune to poison.
You have sharp fingernails.
You are carnivorous and can eat meat at any time.
Your flesh is cold resistant. (rC+)
You are immune to negative energy. (rN+++)
You do not regenerate when monsters are visible.
You are immune to unholy pain and torment.
You can survive without breathing.


Message History

You barely miss the hornet.
The hornet is lightly wounded.
The hornet stings you but does no damage.
The hornet stings you.
* * * LOW HITPOINT WARNING * * *
You closely miss the hornet.
The hornet is lightly wounded.
The hornet completely misses you. The hornet stings you!
* * * LOW HITPOINT WARNING * * *
Okay, then.
Okay, then.
It was a potion of haste.
You feel yourself speed up. The hornet barely misses you.
The hornet barely misses you.
Found 15 gold pieces.
You feel a little less agile now.
You miss the hornet.
The hornet is lightly wounded.
The hornet stings you!
You die...

#...####.........###....
#.## #.######.........
#. #..## ##.####.. #
##..## #.# ##..## #.#
##..# #.# . ##.# #.#
#..######.###.#
#.....##@y...# ..
#####...###..##.#
###.###..#.. #..##....
##..#..### ##.#..#
..######....#
#......#...## #...).#.##


You could see a hornet.

Vanquished Creatures
  An orc warrior (D:6)
  An ice beast (D:6)
  A phantom (D:6)
  A sky beast (D:5)
  An ogre (D:4)
  2 centaurs (D:6)
  3 bullfrogs
  2 crimson imps
  A howler monkey (D:4)
  A centaur zombie (D:6)
  An orc priest (D:6)
  2 bullfrog skeletons
  4 hounds
  2 orc wizards
  6 worker ants
  7 gnolls
  7 adders
  2 shadow imps
  An ooze (D:3)
  2 adder skeletons
  6 worms
  3 dart slugs
  5 leopard geckos
  26 orcs
  5 giant cockroaches
  9 hobgoblins
  12 jackals
  7 kobolds
  3 quokkas
  2 ball pythons
  7 bats
  8 frilled lizards
  A giant cockroach zombie (D:5)
  4 goblins
  5 rats
151 creatures vanquished.

Notes
Turn   | Place    | Note
-------+----------+-------------------------------------------
     0 | D:1      | Borgoz the Ghoul Gladiator began the quest for the Orb.
     0 | D:1      | Reached XP level 1. HP: 17/17 MP: 0/0
    87 | D:1      | Reached XP level 2. HP: 21/25 MP: 1/1
   641 | D:2      | Reached skill level 1 in Armour
   643 | D:2      | Reached skill level 3 in Axes
   643 | D:2      | Reached XP level 3. HP: 20/30 MP: 2/2
   928 | D:2      | Reached XP level 4. HP: 30/37 MP: 3/3
  1698 | D:4      | Reached XP level 5. HP: 43/45 MP: 4/4
  2310 | D:4      | Reached skill level 4 in Axes
  2370 | D:4      | Noticed an ogre
  2425 | D:4      | Reached XP level 6. HP: 50/51 MP: 5/5
  3023 | D:4      | Reached XP level 7. HP: 46/58 MP: 6/6
  3189 | D:5      | Entered Level 5 of the Dungeon
  3290 | D:5      | Reached skill level 5 in Axes
  3338 | D:5      | Found a staircase to the Ecumenical Temple.
  4108 | Temple   | Entered the Ecumenical Temple
  4380 | Temple   | Became a worshipper of Makhleb the Destroyer
  4668 | D:6      | Reached XP level 8. HP: 57/67 MP: 7/7
  4933 | D:6      | Reached skill level 5 in Fighting
  4933 | D:6      | Reached skill level 1 in Invocations
  4949 | D:6      | Reached skill level 6 in Axes
  5033 | D:6      | Found a shadowy altar of Dithmenos.
  5048 | D:6      | Reached * piety under Makhleb
  5068 | D:6      | Found a hide-covered altar of Uskayaw.
  5142 | D:6      | Reached skill level 5 in Dodging
  5424 | D:7      | Reached XP level 9. HP: 70/74 MP: 9/9
  5462 | D:7      | Noticed a hornet
  5482 | D:7      | HP: 3/75 [hornet (11)]
  5502 | D:7      | Slain by a hornet

Vault maps used:
D:1:      dpeg_arrival_simpleton_c
D:5:      minmay_temple_entry_statues_pillars, first_ration
D:6:      grunt_temple_overflow_open
D:7:      gammafunk_ghost_nasty_kobolds
Temple:   regret_index_temple_chain_breaker

Skill      XL: |  1  2  3  4  5  6  7  8 |
---------------+-------------------------+-----
Armour         | 1 2 3 4 |  4.2
Axes           | 3 4 5 6 |  6.7
Dodging        | 3 4 5 |  5.1
Fighting       | 3 4 5 |  5.6
Invocations    | 2 |  2.6
Throwing       | |  1.7

Action                   |  1- 3 |  4- 6 |  7- 9 || total
-------------------------+-------+-------+-------++-------
Melee: War axe           |   120 |   214 |   297 ||   631
  Use: Scroll            |     1 |     1 |       ||     2
       Potion            |       |     2 |    10 ||    12
  Eat: Chunk             |    17 |    14 |    18 ||    49
Armor: Leather armour    |    64 |    22 |       ||    86
       Scale mail        |       |   102 |   146 ||   248
Dodge: Dodged            |    86 |   150 |   225 ||   461

Table legend:
 A = Non-vault XP
 B = Vault XP
 C = Vault XP percentage of total XP
 D = Non-vault monster count
 E = Vault monster count
 F = Vault count percentage of total count
                 A         B        C        D         E       F
            +---------+---------+-------+---------+---------+-------
      Total |    2369 |       0 |   0.0 |     151 |       0 |   0.0
            +---------+---------+-------+---------+---------+-------
        D:1 |      30 |       0 |   0.0 |      17 |       0 |   0.0
        D:2 |      60 |       0 |   0.0 |      23 |       0 |   0.0
        D:3 |     132 |       0 |   0.0 |      28 |       0 |   0.0
        D:4 |     469 |       0 |   0.0 |      28 |       0 |   0.0
        D:5 |     472 |       0 |   0.0 |      20 |       0 |   0.0
        D:6 |    1102 |       0 |   0.0 |      32 |       0 |   0.0
        D:7 |     104 |       0 |   0.0 |       3 |       0 |   0.0
            +---------+---------+-------+---------+---------+-------
